 Dungeon Crawl Stone Soup version 0.29-a0-495-g17b79114eb (webtiles) character file.

Game seed: 3894395221839433900

194 pokeman the Magician (level 5, -1/29 HPs)
             Began as a Deep Elf Hedge Wizard on May 27, 2022.
             Killed from afar by an orc wizard (10 damage)
             ... with a magic dart
             ... on level 4 of the Dungeon.
             The game lasted 00:06:31 (3486 turns).

pokeman the Magician (Deep Elf Hedge Wizard)        Turns: 3486, Time: 00:06:32

Health: -1/29      AC:  7    Str:  7    XL:     5   Next: 44%
Magic:  2/15       EV: 13    Int: 21    God:
Gold:   239        SH:  0    Dex: 20    Spells: 5/16 levels left

rFire   . . .      SeeInvis .   h - +1 dagger (venom)
rCold   . . .      Faith    .   (no shield)
rNeg    . . .      Spirit   .   e - +0 leather armour
rPois   .          Reflect  .   c - +0 hat
rElec   .          Harm     .   (no cloak)
rCorr   .          Rampage  .   (no gloves)
Will    .....                   (no boots)
Stlth   ++........              (no amulet)
HPRegen 0.09/turn               g - +6 ring of dexterity
MPRegen 0.14/turn               a - +4 ring of protection

@: very slightly contaminated
A: no striking features
a: no special abilities


You were on level 4 of the Dungeon.
You visited 1 branch of the dungeon, and saw 4 of its levels.

You collected 239 gold pieces.

Inventory:

Hand Weapons
 h - a +1 dagger of venom (weapon)
 s - a +0 shortbow
Armour
 c - a +0 hat (worn)
 e - a +0 leather armour (worn)
Magical Staves
 u - a staff of air
Jewellery
 a - a +4 ring of protection (right hand)
 g - a +6 ring of dexterity (left hand)
 o - a ring of willpower
 r - an amulet of faith
Wands
 t - a wand of mindburst (23)
Scrolls
 b - 3 scrolls of identify {unknown}
 i - 2 scrolls of teleportation {unknown}
 j - 3 scrolls of enchant weapon {unknown}
 k - a scroll of blinking {unknown}
 l - a scroll of silence {unknown}
 m - 2 scrolls of fog {unknown}
 n - a scroll of summoning {unknown}
Potions
 d - a potion of magic
 f - 2 potions of heal wounds {unknown}
 p - a potion of curing {unknown}
 q - a potion of degeneration {unknown}


   Skills:
 - Level 1.0 Fighting
 - Level 1.5 Armour
 - Level 3.1 Dodging
 + Level 2.7 Stealth
 * Level 6.3 Spellcasting
 + Level 2.7 Conjurations
 - Level 1.1 Summonings
 - Level 1.1 Translocations
 + Level 0.1 Fire Magic


You had 5 spell levels left.
You knew the following spells:

 Your Spells              Type           Power      Damage    Failure   Level
a - Magic Dart            Conj           72%        1d6       4%          1
b - Mephitic Cloud        Conj/Pois/Air  10%        N/A       28%         3
c - Call Imp              Summ           11%        N/A       13%         2
d - Blink                 Tloc           22%        N/A       13%         2
e - Conjure Flame         Conj/Fire      12%        6-21      22%         3

Your spell library contained the following spells:

 Spells                   Type           Power      Damage    Failure   Level
 Slow                     Hex            24%        N/A       14%         1
 Poisonous Vapours        Pois/Air       12%        N/A       22%         2
 Inner Flame              Hex/Fire       7%         N/A       36%         3
 Cause Fear               Hex            3%         N/A       80%         4
 Corpse Rot               Necr/Pois/Air  6%         N/A       80%         4
 Discord                  Hex            3%         N/A       100%        8


Dungeon Overview and Level Annotations

Branches:
Dungeon (4/15)
 Temple: D:4-7

Altars:
Xom


Message History

Aiming: Mephitic Cloud (extremely dangerous; 28% risk of failure)
Press: ? - help, Shift-Dir - straight line, f - orc wizard, p - orc
Aim: an orc wizard, wielding a +0 dagger and wearing a +0 robe (chance to affect: 86%)
You miscast Mephitic Cloud.
You are very lightly contaminated with residual magic.
Nothing appears to happen.
Unknown command.
Casting: Mephitic Cloud (extremely dangerous; 28% risk of failure)
Confirm with . or Enter, or press ? or * to list all spells.
The spell is extremely dangerous to miscast (28% risk of failure)!
Continue anyway?
Aiming: Mephitic Cloud (extremely dangerous; 28% risk of failure)
Press: ? - help, Shift-Dir - straight line, f - orc wizard, p - orc wizard
Aim: an orc wizard, wielding a +0 dagger and wearing a +0 robe (chance to affect: 86%)
You miscast Mephitic Cloud.
Nothing appears to happen.
The orc wizard casts a spell.
The orc wizard flickers and vanishes!
Deactivating autopickup; reactivate with Ctrl-A.
Casting: Mephitic Cloud (extremely dangerous; 28% risk of failure)
Confirm with . or Enter, or press ? or * to list all spells.
The spell is extremely dangerous to miscast (28% risk of failure)!
Continue anyway?
Aiming: Mephitic Cloud (extremely dangerous; 28% risk of failure)
Press: ? - help, Shift-Dir - straight line, f/p - orc wizard
Aim: an orc wizard, wielding a +0 dagger and wearing a +0 robe (chance to affect: 86%)
You miscast Mephitic Cloud.
You are blasted with magical energy!
The orc priest calls upon Beogh to heal something.
The orc wizard points at you and mumbles some strange words.
The puff of flame hits you!
Unknown command.
Casting: Mephitic Cloud (extremely dangerous; 28% risk of failure)
Confirm with . or Enter, or press ? or * to list all spells.
The spell is extremely dangerous to miscast (28% risk of failure)!
Continue anyway?
Aiming: Mephitic Cloud (extremely dangerous; 28% risk of failure)
Press: ? - help, Shift-Dir - straight line, f/p - orc wizard
Aim: an orc wizard, wielding a +0 dagger and wearing a +0 robe (chance to affect: 86%)
You miscast Mephitic Cloud.
Nothing appears to happen.
The orc wizard gestures at you while chanting.
Unknown command.
The orc wizard points at you and mumbles some strange words.
The magic dart hits you!
You die...

..##... #...#...####
...#..##.... ......###
..........#.##...?....
.##.#..)..#...........
.##.##..###......oo<.
..............#o{.. #
.#.###..........### ...
.#####............#.....
###......##..###@<......
####..##....## ##...###.
.....##......####≈≈≈≈≈..
...#.##......##.#≈###≈#.
.######.......#..≈≈≈≈≈# ..
..#..#...........≈≈#≈≈# ...#
#................≈≈#≈≈# ...#.
#..#..(..........≈≈#≈≈###
.....
..####.......#...≈≈≈≈≈..##.>..


You could see an orc wizard.

Vanquished Creatures
  A black bear (D:4)
  3 gnolls (D:3)
  3 adders
  2 orcs
  7 ball pythons
  7 endoplasms
  2 giant cockroaches (D:2)
  4 goblins
  3 hobgoblins
  3 jackals (D:1)
  4 bats
  5 frilled lizards
  3 kobolds
  3 rats
50 creatures vanquished.

Notes
Turn   | Place    | Note
-------+----------+-------------------------------------------
     0 | D:1      | pokeman the Deep Elf Hedge Wizard began the quest for the
                  | Orb.
     0 | D:1      | Reached XP level 1. HP: 10/10 MP: 7/7
    66 | D:1      | Found a faded altar of an unknown god.
   390 | D:1      | Reached XP level 2. HP: 16/16 MP: 2/9
  1164 | D:2      | Found a shimmering altar of Xom.
  1557 | D:2      | Reached skill level 5 in Spellcasting
  1685 | D:2      | Reached XP level 3. HP: 20/20 MP: 5/11
  1689 | D:2      | Learned a level 3 spell: Mephitic Cloud
  1692 | D:2      | Learned a level 2 spell: Call Imp
  1695 | D:2      | Learned a level 2 spell: Blink
  1699 | D:2      | Learned a level 3 spell: Conjure Flame
  2541 | D:3      | Reached skill level 1 in Fighting
  2559 | D:3      | Reached skill level 1 in Armour
  2772 | D:3      | Reached XP level 4. HP: 25/25 MP: 2/13
  3075 | D:4      | Noticed a black bear
  3087 | D:4      | Killed a black bear
  3088 | D:4      | Reached skill level 6 in Spellcasting
  3088 | D:4      | Reached XP level 5. HP: 25/29 MP: 10/15
  3486 | D:4      | Killed from afar by an orc wizard

Illustrated notes

Levels and vault maps discovered:
D:1:      lightli_arrival_maybe_door_vault, layout_basic,
          basic_ecumenical_altar, minmay_misc_feat_square
D:2:      layout_basic, basic_altar
D:3:      layout_rooms
D:4:      layout_cave_pools, lemuel_coloured_pillars_altar,
          grunt_temple_overflow_champion_of_chaos, minmay_misc_feat_tiny,
          minmay_crystal_water, item_on_display_a

Skill      XL: |  1  2  3  4 |
---------------+-------------+-----
Spellcasting   | 5 6 |  6.3
Fighting       | 1 |  1.0
Armour         | 1 |  1.5
Conjurations   | 2 |  2.7
Dodging        | 3 |  3.1
Stealth        | |  2.7
Summonings     | |  1.1
Translocations | |  1.1
Fire Magic     | |  0.1

Action                   |  1- 3 |  4- 6 || total
-------------------------+-------+-------++-------
Melee: Dagger            |     9 |     5 ||    14
 Cast: Magic Dart        |    90 |    32 ||   122
       Mephitic Cloud    |     2 |     1 ||     3
       Call Imp          |     2 |       ||     2
       Conjure Flame     |     1 |     1 ||     2
 Stab: Distracted        |     1 |       ||     1
       Confused          |     1 |       ||     1
Armor: Leather armour    |     9 |     2 ||    11
Dodge: Dodged            |    19 |     2 ||    21

Table legend: (Time is in decaauts)
 A = Elapsed time spent in this place.
 B = Non-inter-level travel time spent in this place.
 C = Inter-level travel time spent in this place.
 D = Time resting spent in this place.
 E = Time spent auto-exploring this place.
 F = Levels seen in this place.
 G = Mean time per level.
                   A        B        C        D        E       F      G
               +--------+--------+--------+--------+--------+-----+--------+
         Total |   3484 |   3394 |     90 |    302 |   2594 |   4 |  871.0 |
       Dungeon |   3484 |   3394 |     90 |    302 |   2594 |   4 |  871.0 |
               +--------+--------+--------+--------+--------+-----+--------+

Top non-repeatable levels by time:
     D:2: 1221 daAuts
     D:1: 948 daAuts
     D:3: 860 daAuts
     D:4: 454 daAuts
